 Dungeon Crawl Stone Soup version 0.27-a0-1182-gee19b5822f (webtiles) character file.

Game seed: 12575620648093473573

90 Delamore the Skirmisher (level 4, -11/29 HPs)
             Began as a Gargoyle Fighter on May 18, 2021.
             Was a Believer of Uskayaw.
             Mangled by an ice beast (12 damage)
             ... on level 3 of the Dungeon.
             The game lasted 00:02:41 (2331 turns).

Delamore the Skirmisher (Gargoyle Fighter)          Turns: 2331, Time: 00:02:42

Health: -11/29     AC: 11    Str: 21    XL:     4   Next: 56%
Magic:  2/4        EV:  7    Int:  8    God:    Uskayaw [**....]
Gold:   32         SH:  9    Dex:  9    Spells: 3/3 levels left

rFire    . . .     SeeInvis .   f - +0 flail (protect)
rCold    . . .     Faith    .   c - +0 kite shield
rNeg     + . .     Spirit   .   b - +0 scale mail
rPois    ∞         Reflect  .   q - +0 helmet
rElec    +         Harm     .   (no cloak)
rCorr    .         Rampage  .   (no gloves)
Will     .....                  (no boots)
Stlth    ..........             (no amulet)
HPRegen  0.09/turn              (no ring)
MPRegen  0.09/turn              (no ring)

@: no status effects
A: sickness immunity, AC +3, negative energy resistance 1, electricity
resistance, torment resistance 1, petrification resistance
a: Renounce Religion, Stomp, Line Pass


You were on level 3 of the Dungeon.
You worshipped Uskayaw.
Uskayaw was noncommittal.
You visited 1 branch of the dungeon, and saw 3 of its levels.

You collected 32 gold pieces.

Inventory:

Hand Weapons
 a - a +0 flail
 f - a +0 flail of protection (weapon)
Missiles
 i - 12 poisoned darts (quivered)
 k - 6 javelins
Armour
 b - a +0 scale mail (worn)
 c - a +0 kite shield (worn)
 q - a +0 helmet (worn)
Jewellery
 o - a ring of flight
Scrolls
 g - 2 scrolls of torment {unknown}
 j - a scroll of identify {unknown}
 n - a scroll of noise {unknown}
 p - a scroll of amnesia {unknown}
Potions
 d - a potion of might
 e - a potion of lignification {unknown}
 h - a potion of magic {unknown}
 l - a potion of attraction {unknown}
 m - a potion of heal wounds {unknown}


   Skills:
 + Level 4.2 Fighting
 + Level 3.1 Maces & Flails
 - Level 3.2 Armour
 + Level 4.2 Shields


You had 3 spell levels left.
You didn't know any spells.
Your spell library was empty.

Dungeon Overview and Level Annotations

Branches:
Dungeon (3/15)

Altars:
Uskayaw

Shops:
D:2 [


Innate Abilities, Weirdness & Mutations

You are immune to sickness and miasma.
Your stone body is resilient. (AC +3)
You are immune to poison.
You resist negative energy. (rN+)
You are resistant to electric shocks. (rElec)
You are resistant to unholy torment.
You are immune to petrification.


Message History

The ice beast hits you but does no damage.
You closely miss the ice beast.
The ice beast is moderately wounded.
The ice beast hits you. The ice beast freezes you!
* * * LOW HITPOINT WARNING * * *
You block the ice beast's attack.
You barely miss the ice beast.
The ice beast is moderately wounded.
You block the ice beast's attack.
You hit the ice beast.
The ice beast is heavily wounded.
You block the ice beast's attack.
The ice beast hits you but does no damage.
You closely miss the ice beast.
The ice beast is heavily wounded.
The ice beast hits you but does no damage.
You hit the ice beast.
The ice beast is severely wounded.
The ice beast hits you but does no damage.
You block the ice beast's attack.
You can now pass through a line of other dancers.
Your scale mail prevents you from hitting the ice beast.
The ice beast is severely wounded.
The ice beast hits you but does no damage.
You hit the ice beast.
The ice beast is almost dead.
The ice beast hits you but does no damage.
You closely miss the ice beast.
The ice beast is almost dead.
The ice beast hits you but does no damage.
You block the ice beast's attack.
You closely miss the ice beast.
The ice beast is almost dead.
The ice beast hits you but does no damage.
You closely miss the ice beast.
The ice beast is almost dead.
You block the ice beast's attack. The ice beast hits you.
* * * LOW HITPOINT WARNING * * *
The ice beast freezes you!
You die...

####+# #.....
#.....
#.....##
#.......
#......# #
#.>...Y#.##.#
#.....@.....#
#......######
#.......
..........
#######.###
#.# ... ...


You could see an ice beast.

Vanquished Creatures
  An iguana (D:2)
  An adder (D:2)
  3 worms (D:2)
  A dart slug (D:1)
  3 bats (D:2)
  6 endoplasms
  3 goblins (D:2)
  7 hobgoblins
  4 jackals
  3 quokkas (D:2)
  3 ball pythons
  A frilled lizard (D:2)
  2 kobolds (D:2)
  2 rats (D:1)
40 creatures vanquished.

Notes
Turn   | Place    | Note
-------+----------+-------------------------------------------
     0 | D:1      | Delamore the Gargoyle Fighter began the quest for the Orb.
     0 | D:1      | Reached XP level 1. HP: 14/14 MP: 1/1
   253 | D:1      | Reached XP level 2. HP: 19/19 MP: 2/2
   301 | D:1      | Found a faded altar of an unknown god.
   320 | D:1      | Became a worshipper of Uskayaw the Reveller
   320 | D:1      | Reached * piety under Uskayaw
   719 | D:1      | Reached ** piety under Uskayaw
   948 | D:2      | Reached XP level 3. HP: 8/24 MP: 3/3
  1268 | D:2      | Found Dued's Antique Armour Shop.
  1861 | D:2      | Reached XP level 4. HP: 17/29 MP: 4/4
  2317 | D:3      | Noticed an ice beast
  2331 | D:3      | HP: 1/29 [ice beast (2)]
  2331 | D:3      | Mangled by an ice beast

Illustrated notes

Levels and vault maps discovered:
D:1:      ebering_hopf_link, layout_loops_ring, chequers_ecumenical_altar_simple
D:2:      layout_loops_ring, serial_shops, shop
D:3:      layout_basic

Skill      XL: |  1  2  3 |
---------------+----------+-----
Fighting       | 4 |  4.2
Shields        | 4 |  4.2
Maces & Flails | 3 |  3.1
Armour         | |  3.2

Action                   |  1- 3 |  4- 6 || total
-------------------------+-------+-------++-------
Melee: Flail             |   143 |    38 ||   181
Invok: Stomp             |       |     1 ||     1
Armor: Scale mail        |   103 |    24 ||   127
Dodge: Dodged            |    65 |     3 ||    68
Block: Kite shield       |    94 |    20 ||   114

Table legend: (Time is in decaauts)
 A = Elapsed time spent in this place.
 B = Non-inter-level travel time spent in this place.
 C = Inter-level travel time spent in this place.
 D = Time resting spent in this place.
 E = Time spent auto-exploring this place.
 F = Levels seen in this place.
 G = Mean time per level.
                   A        B        C        D        E       F      G
               +--------+--------+--------+--------+--------+-----+--------+
         Total |   2418 |   2323 |     95 |    476 |   1433 |   3 |  806.0 |
       Dungeon |   2418 |   2323 |     95 |    476 |   1433 |   3 |  806.0 |
               +--------+--------+--------+--------+--------+-----+--------+

Top non-repeatable levels by time:
     D:2: 1459 daAuts
     D:1: 939 daAuts
     D:3: 19 daAuts
